 Dungeon Crawl Stone Soup version 0.23.2-40-g277498a001 (webtiles) character file.

Game seed: 12974082628280600037

8822 BreadTh the Magician (level 10, -6/81 HPs)
             Began as a Demigod Ice Elementalist on Aug 30, 2019.
             Mangled by a catoblepas (9 damage)
             ... on level 10 of the Dungeon.
             The game lasted 01:03:44 (14847 turns).

BreadTh the Magician (Demigod Ice Elementalist)    Turns: 14847, Time: 01:03:44

Health: -6/81      AC: 13    Str: 11    XL:     10   Next: 93%
Magic:  22/25      EV:  7    Int: 19    God:
Gold:   547        SH:  0    Dex: 22    Spells: 3/24 levels left

rFire    . . .     SeeInvis +   u - +4 great sword (freeze)
rCold    . . .     Gourm    .   (shield currently unavailable)
rNeg     . . .     Faith    .   H - +5 ring mail of Negligence {*Corrode rElec MR+ SInv}
rPois    +         Spirit   .   l - +0 helmet
rElec    +         Reflect  +   G - +0 cloak {rPois}
rCorr    .         Harm     .   x - +0 pair of gloves
MR       ++...                  (no boots)
Stlth    +++.......             w - +2 amulet of reflection
HPRegen  0.23/turn              (no ring)
MPRegen  0.19/turn              (no ring)

@: petrifying, very slow
A: high mp 1
a: no special abilities


You were on level 10 of the Dungeon.
You were not hungry.

You visited 1 branch of the dungeon, and saw 10 of its levels.
You also visited: Sewer and Bailey.

You collected 547 gold pieces.

Inventory:

Hand Weapons
 f - a +2 dagger of flaming
 k - a +0 halberd
 u - a +4 great sword of freezing (weapon)
 v - a +0 short sword of venom
 y - a +0 mace of crushing
 A - a +2 hand axe of electrocution
 I - a +1 whip of flaming
 M - a +1 falchion of holy wrath
Missiles
 d - 221 stones (quivered)
 z - 6 needles of paralysis
Armour
 j - a +0 leather armour of cold resistance
 l - a +0 helmet (worn)
 x - a +0 pair of gloves (worn)
 G - a +0 cloak of poison resistance (worn)
 H - the +5 ring mail of Negligence (worn) {*Corrode rElec MR+ SInv}
   (You found it on level 8 of the Dungeon)

   It insulates you from electricity.
   It affects your resistance to hostile enchantments.
   It lets you see invisible.
   It may corrode you when you take damage.
 J - a +2 scale mail of magic resistance
 L - a +2 robe of cold resistance
 O - the +4 chain mail of Xapnui {*Slow rN++ Str+2 Int+3}
   (You found it on level 10 of the Dungeon)

   It affects your strength (+2).
   It affects your intelligence (+3).
   It greatly protects you from negative energy.
   It may slow you when you take damage.
Jewellery
 w - a +2 amulet of reflection (around neck)
Wands
 a - a wand of acid (16)
 s - a wand of iceblast (9)
 C - a wand of polymorph (4)
 D - a wand of random effects (21)
Scrolls
 b - 3 scrolls of remove curse
 e - 3 scrolls of amnesia
 i - 12 scrolls of identify
 m - 4 scrolls of teleportation
 n - 6 scrolls of enchant armour
 N - a scroll of fog {unknown}
Potions
 g - 3 potions of might
 h - 3 potions of curing
 o - 3 potions of heal wounds {unknown}
 p - a potion of berserk rage {unknown}
 q - 2 potions of lignification {unknown}
 r - a potion of flight {unknown}
 t - 2 potions of cancellation {unknown}
 B - a potion of brilliance {unknown}
 E - a potion of agility {unknown}
Miscellaneous
 F - a phantom mirror
 K - a lightning rod (4/4)
Comestibles
 c - 8 rations


   Skills:
 - Level 5.0 Fighting
 - Level 5.0 Dodging
 - Level 5.1 Stealth
 * Level 7.7 Spellcasting
 - Level 7.0 Conjurations
 - Level 5.1 Charms
 - Level 7.0 Ice Magic


You had 3 spell levels left.
You knew the following spells:

 Your Spells              Type           Power        Failure   Level  Hunger
a - Freeze                Ice            ####         1%          1    None
b - Throw Frost           Conj/Ice       ####..       1%          2    None
c - Ozocubu's Armour      Chrm/Ice       ####....     5%          3    #......
d - Throw Icicle          Conj/Ice       ####....     13%         4    ###....
e - Regeneration          Chrm/Necr      ###.......   24%         3    #......
f - Shroud of Golubria    Chrm/Tloc      ###.......   12%         2    None
g - Spectral Weapon       Hex/Chrm       ###.....     24%         3    #......
h - Conjure Flame         Conj/Fire      ###.....     16%         3    #......

Your spell library contained the following spells:

 Spells                   Type           Power        Failure   Level  Hunger
 Magic Dart               Conj           ####         1%          1    None
 Infusion                 Chrm           ####         2%          1    None
 Song of Slaying          Chrm           ####....     4%          2    None
 Mephitic Cloud           Conj/Pois/Air  ###.....     26%         3    #......
 Blink                    Tloc           N/A          34%         2    None
 Call Imp                 Summ           #.......     34%         2    None
 Slow                     Hex            #.......     34%         2    None
 Summon Ice Beast         Ice/Summ       ###.....     47%         4    ###....


Dungeon Overview and Level Annotations

Branches:
Dungeon (10/15)            Temple (0/1) D:5
   Lair: D:8-11         Orc: D:9-12

Shops:
D:5 ?   D:8 }

Annotations:
D:7 2 transporters, H0rd4k's ghost, novice HuAr


Innate Abilities, Weirdness & Mutations

You have an increased reservoir of magic. (+10% MP)


Message History

Casting: Freeze (safe; 1% risk of failure)
Confirm with . or Enter, or press ? or * to list all spells.
Aiming: Freeze (safe; 1% risk of failure)
Press: ? - help, Shift-Dir - straight line, f/p - catoblepas
Aim: a catoblepas (lightly wounded)
You freeze the catoblepas.
The catoblepas is moderately wounded.
The catoblepas breathes a plume of calcifying dust at you.
The blast of calcifying dust hits you but does no damage.
Casting: Freeze (safe; 1% risk of failure)
Confirm with . or Enter, or press ? or * to list all spells.
Aiming: Freeze (safe; 1% risk of failure)
Press: ? - help, Shift-Dir - straight line, f/p - catoblepas
Aim: a catoblepas (lightly wounded)
You freeze the catoblepas!
The catoblepas is moderately wounded.
You are engulfed in calcifying dust.
You are slowing down.
The catoblepas gores you!
You die...

#.......# .....
#.......# ...
##'###### #.## #...#
#yy# ###†#### ##.#
####.....# #§#
#........# ####'###
....##.....#
#####...y..# ###
#.....###§§@Yy.....#
#<........###......#
#.......### #......#
#.....### #......#
#.....# #.....<#
#.....# #......#
#.....# ########
#######


You could see a catoblepas and 2 killer bees.

Vanquished Creatures
  Harold (D:8)
  A two-headed ogre (D:8)
  An orc knight (Bailey)
  Pikel (D:8)
  Joseph (D:8)
  Maurice (D:8)
  A hornet (D:10)
  5 yaks (D:9)
  Grum (D:8)
  A hungry ghost (D:9)
  Menkaure (D:6)
  A water moccasin (D:7)
  11 orc warriors
  2 ice beasts (D:8)
  3 necrophages (D:9)
  2 sky beasts
  6 ogres
  2 wolves (D:8)
  A centaur (D:6)
  A crocodile (Sewer)
  4 bullfrogs
  A water moccasin zombie (D:9)
  A scorpion (D:5)
  A killer bee (D:10)
  4 wights
  2 electric eels (D:9)
  3 howler monkeys
  3 centaur zombies
  3 crimson imps
  4 orc priests
  A bullfrog zombie (D:9)
  A jelly (D:8)
  4 hounds
  12 orc wizards
  2 centaur skeletons
  An iguana (D:9)
  4 worker ants
  A hound zombie (D:6)
  Robin (D:3)
  2 worker ant zombies (D:9)
  13 adders
  3 gnolls (D:2)
  A shadow imp (D:9)
  An ooze (D:3)
  An adder skeleton (D:4)
  An adder zombie (D:7)
  3 worms
  2 dart slugs (D:1)
  6 leopard geckos
  54 orcs
  3 ball pythons
  9 giant cockroaches
  8 hobgoblins
  8 jackals
  8 kobolds
  3 quokkas
  A ball python skeleton (D:5)
  5 bats
  9 frilled lizards
  15 goblins
  A quokka skeleton (D:7)
  11 rats
265 creatures vanquished.

Vanquished Creatures (others)
  2 slaves (D:8)
  2 bushes (D:9)
  8 plants (D:9)
12 creatures vanquished.

Grand Total: 277 creatures vanquished

Notes
Turn   | Place    | Note
-------+----------+-------------------------------------------
     0 | D:1      | BreadTh the Demigod Ice Elementalist began the quest for
                  | the Orb.
     0 | D:1      | Reached XP level 1. HP: 14/14 MP: 5/5
   423 | D:1      | Reached XP level 2. HP: 20/22 MP: 2/7
  1074 | D:2      | Reached skill level 1 in Fighting
  1074 | D:2      | Reached XP level 3. HP: 26/28 MP: 4/8
  1164 | D:2      | Found a burning altar of Makhleb.
  1168 | D:2      | Found an ancient bone altar of Kikubaaqudgha.
  1169 | D:2      | Found a stormy altar of Qazlal.
  1271 | D:2      | HP: 1/28 [gnoll/+0 halberd (8)]
  1921 | D:2      | Found an ornate altar of the Wu Jian Council.
  2175 | D:2      | Reached XP level 4. HP: 31/35 MP: 9/9
  2220 | D:2      | Learned a level 2 spell: Throw Frost
  2224 | D:2      | Learned a level 3 spell: Ozocubu's Armour
  2596 | D:4      | Reached XP level 5. HP: 17/41 MP: 5/10
  2790 | D:3      | Reached skill level 5 in Ice Magic
  3059 | D:3      | Found a sparkling altar of Nemelex Xobeh.
  3366 | D:3      | Noticed Robin
  3376 | D:3      | Killed Robin
  3733 | D:4      | Noticed an ice beast
  3765 | D:4      | Reached XP level 6. HP: 48/48 MP: 6/11
  5037 | D:5      | Entered Level 5 of the Dungeon
  5047 | D:5      | Reached skill level 1 in Conjurations
  5127 | D:5      | Reached XP level 7. HP: 33/55 MP: 1/13
  5354 | D:5      | Found a glowing drain.
  5384 | Sewer    | Entered a sewer
  5706 | Sewer    | Learned a level 4 spell: Throw Icicle
  6183 | D:5      | Found Tecunob's Magic Scroll Shop.
  6353 | D:5      | Found a staircase to the Ecumenical Temple.
  6834 | D:6      | Reached XP level 8. HP: 9/61 MP: 2/16
  6926 | D:6      | Noticed Menkaure
  6930 | D:6      | Killed Menkaure
  6930 | D:6      | Reached skill level 5 in Conjurations
  7849 | D:6      | Found a runed translucent door.
  8367 | D:6      | Reached skill level 1 in Charms
  8646 | D:6      | Found a roughly hewn altar of Beogh.
  8969 | D:7      | Noticed H0rd4k's ghost (novice HuAr)
  9195 | D:7      | Found a transporter.
  9199 | D:7      | Identified the +9 great mace of the Hall of Blades {crush,
                  | MR+++ Str-3 Int+6}
  9199 | D:7      | Noticed a two-headed ogre
  9200 | D:7      | Found a transporter.
  9351 | D:7      | Found an opulent altar of Gozag.
  9375 | D:7      | Got an ichor-stained cloak
  9381 | D:7      | Identified the cursed -4 cloak of the Manifold Lies {-Cast
                  | Dex+5} (You found it on level 7 of the Dungeon)
  9464 | D:7      | Reached XP level 9. HP: 52/68 MP: 18/18
  9540 | D:7      | Learned a level 3 spell: Regeneration
  9543 | D:7      | Learned a level 2 spell: Shroud of Golubria
  9952 | D:8      | Noticed Joseph
 10127 | D:8      | Killed Joseph
 10498 | D:8      | Noticed Maurice
 10521 | D:8      | Killed Maurice
 10707 | D:8      | Noticed a two-headed ogre
 10713 | D:8      | Killed a two-headed ogre
 10895 | D:8      | Found Ituda's Gadget Boutique.
 10943 | D:8      | Got an ichor-stained ring mail
 10954 | D:8      | Identified the +5 ring mail of Negligence {*Corrode rElec
                  | MR+ SInv} (You found it on level 8 of the Dungeon)
 11055 | D:8      | Noticed Pikel
 11101 | D:8      | Killed Pikel
 11101 | D:8      | Reached XP level 10. HP: 80/80 MP: 14/21
 11234 | D:8      | Noticed Harold
 11247 | D:8      | Killed Harold
 11247 | D:8      | Reached skill level 5 in Stealth
 11247 | D:8      | Reached skill level 5 in Spellcasting
 11253 | D:8      | Noticed Grum
 11260 | D:8      | Killed Grum
 11401 | D:8      | Found a snail-covered altar of Cheibriados.
 11505 | D:8      | Learned a level 3 spell: Spectral Weapon
 11673 | D:9      | Reached skill level 5 in Fighting
 11673 | D:9      | Reached skill level 5 in Dodging
 11774 | D:9      | Found a flagged portal.
 11808 | Bailey   | Entered a bailey
 12518 | Bailey   | Reached skill level 5 in Charms
 12827 | Bailey   | Noticed an orc knight
 12891 | Bailey   | Killed an orc knight
 13105 | D:9      | Learned a level 3 spell: Conjure Flame
 13313 | D:9      | Found a blossoming altar of Fedhas.
 14586 | D:10     | Entered Level 10 of the Dungeon
 14594 | D:10     | Got a scorched chain mail
 14605 | D:10     | Identified the +4 chain mail of Xapnui {*Slow rN++ Str+2
                  | Int+3} (You found it on level 10 of the Dungeon)
 14609 | D:10     | Found Fuho's Food Shop.
 14616 | D:10     | Paralysed by a hornet for 3 turns
 14828 | D:10     | Noticed a catoblepas
 14845 | D:10     | HP: 3/81 [catoblepas (21)]
 14847 | D:10     | Mangled by a catoblepas

Skill      XL: |  1  2  3  4  5  6  7  8  9 10 |
---------------+-------------------------------+-----
Dodging        | 2 4 5 |  5.0
Stealth        | 2 4 5 |  5.1
Ice Magic      | 3 4 5 7 |  7.0
Spellcasting   | 2 3 4 7 |  7.7
Fighting       | 1 2 4 5 |  5.0
Conjurations   | 1 4 7 |  7.0
Charms         | 1 3 5 |  5.1

Action                   |  1- 3 |  4- 6 |  7- 9 | 10-12 || total
-------------------------+-------+-------+-------+-------++-------
Melee: Whip              |     8 |       |       |       ||     8
       Halberd           |     9 |    16 |       |    48 ||    73
       Dagger            |       |    52 |    60 |       ||   112
       Short sword       |       |       |   105 |       ||   105
       Great sword       |       |       |    35 |   112 ||   147
Throw: Stone             |       |     1 |       |       ||     1
 Cast: Freeze            |    71 |    77 |   128 |    36 ||   312
       Throw Frost       |       |     9 |    45 |    33 ||    87
       Throw Icicle      |       |       |    19 |    28 ||    47
       Ozocubu's Armour  |       |       |     3 |       ||     3
       Conjure Flame     |       |       |       |     3 ||     3
  Use: Scroll            |     6 |     1 |     1 |     1 ||     9
 Stab: Sleeping          |     1 |     4 |     2 |     1 ||     8
       Distracted        |       |       |       |     1 ||     1
  Eat: Chunk             |     5 |    10 |    21 |    11 ||    47
       Ration            |       |       |     1 |     2 ||     3
Armor: Ring mail         |    24 |    27 |     7 |    59 ||   117
       Robe              |     1 |       |       |    27 ||    28
       Leather armour    |       |    12 |    71 |       ||    83
       Chain mail        |       |       |       |     3 ||     3
Dodge: Dodged            |    46 |    70 |   191 |   193 ||   500
Block: Other             |       |       |     6 |    24 ||    30
       Reflection        |       |       |       |     4 ||     4
       Rpst.: Great sword |       |       |     8 |    45 ||    53
